 Dungeon Crawl Stone Soup version 0.31-a0-859-g9dce7d3444 (webtiles) character file.

Game seed: 1542807253980121862

70 Gargoyl the Trooper (level 4, -4/29 HPs)
             Began as a Gargoyle Berserker on Oct 10, 2023.
             Was a Believer of Trog.
             Slain by a hobgoblin
             ... wielding a +0 flail
              (11 damage)
             ... on level 2 of the Dungeon.
             The game lasted 00:01:34 (828 turns).

Gargoyl the Trooper (Gargoyle Berserker)             Turns: 828, Time: 00:01:35

Health: -4/29      AC:  5    Str: 20    XL:     4   Next: 22%
Magic:  4/4        EV: 12    Int:  8    God:    Trog [**....]
Gold:   40         SH:  0    Dex: 11    Spells: 3/3 levels left

rFire   . . .        a - +0 hand axe
rCold   . . .        c - orb {mayhem}
rNeg    + . .        b - +0 animal skin
rPois   ∞            (no helmet)
rElec   +            (no cloak)
rCorr   .            (no gloves)
SInv    .            (no boots)
Will    .....        (no amulet)
Stlth   +            (no ring)
HPRegen 0.24/turn    (no ring)
MPRegen 0.09/turn

%: mayhem
@: no status effects
A: sickness immunity, AC +3, negative energy resistance 1, electricity
resistance, torment resistance 1, petrification resistance
a: Renounce Religion, Berserk, Trog's Hand


You were on level 2 of the Dungeon.
You worshipped Trog.
Trog was pleased with you.
You visited 1 branch of the dungeon, and saw 2 of its levels.

You collected 40 gold pieces.

Inventory:

Hand Weapons
 a - a +0 hand axe (weapon)
Armour
 b - a +0 animal skin (worn)
 c - an orb of mayhem (worn)
Jewellery
 g - a +4 ring of protection
Scrolls
 f - a scroll of teleportation
Potions
 e - a potion of heal wounds {unknown}


   Skills:
 + Level 4.0 Fighting
 + Level 3.6 Axes
 + Level 2.3 Armour
 + Level 2.0 Dodging
 + Level 0.1 Stealth


You had 3 spell levels left.
You didn't know any spells.
Your spell library was empty.

Dungeon Overview and Level Annotations

Branches:
Dungeon (2/15)

Altars:


Innate Abilities, Weirdness & Mutations

You are immune to sickness and miasma.
Your stone body is resilient. (AC +3)
You are immune to poison.
You resist negative energy. (rN+)
You are resistant to electric shocks. (rElec)
You are resistant to unholy torment.
You are immune to petrification.


Message History

The hobgoblin barely misses you.
You hit the hobgoblin.
The hobgoblin is almost dead.
The hobgoblin closely misses you.
You closely miss the hobgoblin.
The hobgoblin is almost dead.
The hobgoblin hits you.
You barely miss the hobgoblin.
The hobgoblin is almost dead.
The hobgoblin hits you.
You hit the hobgoblin.
You kill the hobgoblin!
Trog accepts your kill.
The air fills with toxic fumes!
As you read the scroll labelled NAZODUC SAUCA, it crumbles to dust.
It was a scroll of poison.
Found a stone staircase leading up.
A hobgoblin comes into view.
A hobgoblin comes into view. It is wielding a +0 flail.
There are monsters nearby!
The hobgoblin shouts! x2
You closely miss the hobgoblin. The hobgoblin barely misses you.
You hit the hobgoblin.
The hobgoblin is moderately wounded.
The hobgoblin closely misses you. The hobgoblin barely misses you.
You completely miss the hobgoblin.
The hobgoblin is moderately wounded.
The hobgoblin hits you.
You hit the hobgoblin.
You kill the hobgoblin!
Trog accepts your kill.
The hobgoblin flies into a frenzy!
You closely miss the hobgoblin. The hobgoblin hits you with a +0 flail!
The hobgoblin completely misses you.
You hit the hobgoblin but do no damage. The hobgoblin hits you with a +0 flail!
* * * LOW HITPOINT WARNING * * *
You barely miss the hobgoblin. The hobgoblin barely misses you.
The hobgoblin closely misses you.
You hit the hobgoblin but do no damage. The hobgoblin hits you with a +0 flail!
You die...

###....## #....#
####.#
#######.######.#
................
######........<.
##..######.
#...# #.#@#
#.#g# #.#.#
#.#.# #.#.. ###


You could see a neutral hobgoblin (fast, strong, frenzied).

Vanquished Creatures
  2 gnolls (D:2)
  A bat (D:1)
  4 endoplasms
  2 giant cockroaches
  4 goblins
  5 hobgoblins
  A quokka (D:1)
  A ball python (D:1)
  2 frilled lizards (D:2)
  2 kobolds (D:1)
  5 rats
29 creatures vanquished.

Vanquished Creatures (collateral kills)
  2 gnolls (D:2)
  An endoplasm (D:1)
3 creatures vanquished.

Vanquished Creatures (others)
  An endoplasm (D:1)
1 creature vanquished.

Grand Total: 33 creatures vanquished

Notes
Turn   | Place    | Note
-------+----------+-------------------------------------------
     0 | D:1      | Gargoyl the Gargoyle Berserker began the quest for the Orb.
     0 | D:1      | Reached XP level 1. HP: 14/14 MP: 1/1
   130 | D:1      | Reached XP level 2. HP: 19/19 MP: 2/2
   490 | D:1      | You fall into a shaft and drop 1 floor!
   530 | D:2      | Reached XP level 3. HP: 24/24 MP: 3/3
   655 | D:2      | Reached ** piety under Trog
   656 | D:2      | Reached skill level 4 in Fighting
   656 | D:2      | Reached XP level 4. HP: 7/29 MP: 4/4
   828 | D:2      | Slain by a hobgoblin

Illustrated notes

Levels and vault maps discovered:
D:1:      saegor_arrival_simple_d, layout_loops_ring
D:2:      layout_loops_ring, guppyfry_early_orc_mine, uniq_robin

Skill      XL: |  1  2  3 |
---------------+----------+-----
Axes           | 3 |  3.6
Dodging        | 2 |  2.0
Fighting       | 4 |  4.0
Armour         | |  2.3
Stealth        | |  0.1

Action                     |  1- 3 |  4- 6 || total
---------------------------+-------+-------++-------
  Melee: Hand axe          |    65 |    20 ||    85
    Use: Scroll            |     4 |     1 ||     5
 Armour: Animal skin       |    43 |     8 ||    51
  Dodge: Dodged            |    28 |    11 ||    39

Table legend: (Time is in decaauts)
 A = Elapsed time spent in this place.
 B = Non-inter-level travel time spent in this place.
 C = Inter-level travel time spent in this place.
 D = Time resting spent in this place.
 E = Time spent auto-exploring this place.
 F = Levels seen in this place.
 G = Mean time per level.
                   A        B        C        D        E       F      G
               +--------+--------+--------+--------+--------+-----+--------+
         Total |    839 |    839 |      0 |      0 |    580 |   2 |  419.5 |
       Dungeon |    839 |    839 |      0 |      0 |    580 |   2 |  419.5 |
               +--------+--------+--------+--------+--------+-----+--------+

Top non-repeatable levels by time:
     D:1: 496 daAuts
     D:2: 343 daAuts
